 Dungeon Crawl Stone Soup version 0.30-a0-972-gf3ab3527aa (webtiles) character file.

Game seed: 2262092470183673475

137 vishdafish the Conjurer (level 5, 36/36 HPs)
             Began as a Demonspawn Conjurer on Mar 31, 2023.
             Quit the game on level 3 of the Dungeon.
             The game lasted 00:02:46 (3656 turns).

vishdafish the Conjurer (Demonspawn Conjurer)       Turns: 3656, Time: 00:02:47

Health: 36/36      AC:  8    Str:  8    XL:     5   Next: 0%
Magic:  4/10       EV: 11    Int: 21    God:
Gold:   104        SH:  0    Dex: 11    Spells: 10/11 levels left

rFire   . . .      SeeInvis .    h - +4 short sword (speed)
rCold   . . .      Faith    .    (no shield)
rNeg    . . .      Spirit   .    m - +2 leather armour {rPois}
rPois   +          Reflect  .    r - +1 helmet
rElec   .          Rampage  .    (no cloak)
rCorr   +                        (no gloves)
Will    .....                    (no boots)
Stlth   +                        (no amulet)
HPRegen 0.26/turn                e - ring of resist corrosion
MPRegen 0.12/turn                (no ring)

@: no status effects
A: rugged brown scales 1, spiny 1
a: no special abilities


You were on level 3 of the Dungeon.
You visited 1 branch of the dungeon, and saw 3 of its levels.

You collected 104 gold pieces.

Inventory:

Hand Weapons
 h - a +4 short sword of speed (weapon)
Armour
 a - a +0 robe
 m - a +2 leather armour of poison resistance (worn)
 r - a +1 helmet (worn)
Jewellery
 e - a ring of resist corrosion (left hand)
 p - an amulet of faith
Wands
 s - a wand of polymorph (4)
Scrolls
 g - a scroll of identify {unknown}
 j - a scroll of amnesia {unknown}
 k - a scroll of teleportation {unknown}
 l - a scroll of summoning {unknown}
 n - 2 scrolls of vulnerability {unknown}
Potions
 b - a potion of magic
 c - 3 potions of attraction {unknown}
 d - a potion of might
 f - a potion of mutation {unknown}
 i - a potion of haste {unknown}
 o - a potion of degeneration {unknown}
 q - a potion of heal wounds


   Skills:
 - Level 1.7 Dodging
 - Level 1.7 Stealth
 + Level 3.6 Spellcasting
 + Level 5.3 Conjurations


You had 10 spell levels left.
You knew the following spells:

 Your Spells              Type           Power      Damage    Failure   Level
a - Magic Dart            Conj           100%       1d8       1%          1

Your spell library contained the following spells:

 Spells                   Type           Power      Damage    Failure   Level
 Searing Ray              Conj           52%        2d6       3%          2
 Dazzling Flash           Conj/Hex       28%        N/A       19%         3
 Fulminant Prism          Conj/Hex       7%         3d7       52%         4
 Iskenderun's Mystic Bla  Conj/Tloc      14%        2d5       52%         4


Dungeon Overview and Level Annotations

Branches:
Dungeon (3/15)

Altars:
Fedhas
Uskayaw


Innate Abilities, Weirdness & Mutations

You are partially covered in rugged brown scales. (AC +1, +3% HP)
You are partially covered in sharp spines.


Message History

No target in view!
No target in view!
No target in view!
You see here a +0 falchion.
There is a stone staircase leading up, spattered with blood here.
Things that are here:
a +0 whip; a +0 chain mail You see here a +0 flail.
Things that are here:
a +0 short sword; 3 boomerangs
Found a stone staircase leading down.
s - a wand of polymorph (4)
There is a stone staircase leading up here.
Found a ring mail.
Found a giant club.
You see here a +0 giant club.
You see here a +0 spear.
An orc wizard comes into view. It is wielding a +0 dagger.
Found a silvery potion.
An orc wizard is nearby!
An orc wizard is nearby!
The magic dart hits the orc wizard but does no damage.
The orc wizard shouts!
You hear a shout! x2
The orc wizard points at you and mumbles some strange words.
The puff of flame misses you.
An orc priest comes into view. It is wielding a +0 mace.
An orc priest comes into view. It is wielding a +0 morningstar.
The magic dart hits the orc wizard.
The orc wizard is moderately wounded.
The magic dart hits the orc priest.
The orc priest is lightly wounded.
The magic dart hits the orc wizard!
The orc wizard is severely wounded.
The magic dart hits the orc wizard!
You kill the orc wizard!
An orc comes into view. It is wielding a +0 dagger.
You have reached level 5!
Your demonic ancestry asserts itself...
Sharp spines emerge from parts of your body.
Are you sure you want to abandon this character and quit the game? (Confirm with "yes".)

.##......#.##.##.# #.#
.##.PPP).#.##.##.# #.#
..#.PPPP.#.##.##.# #.#
...PP_.P...##.##.# #.# ###
..#P.P.P.####.##.##########.#
#.. .#..PP...#
#)...............# #.#
.#.####..# #.########.#######
#.# ...#
..###.####........######..
##.#
........@............##.# ...
.##.##.#####.##.###.#.## .##
#. #.##......## o.
#.########.## ... ..# #.#
.#.. ### #.. #!##. #.# o ..
#.# #..


You could see an orc priest and an orc (wandering).

Vanquished Creatures
  An orc wizard (D:3)
  Terence (D:2)
  An adder (D:3)
  A white imp (D:3)
  3 dart slugs
  5 orcs (D:3)
  5 endoplasms
  4 giant cockroaches
  2 goblins (D:1)
  6 hobgoblins
  4 jackals (D:1)
  10 kobolds
  4 quokkas
  3 ball pythons
  A bat (D:1)
  8 rats
59 creatures vanquished.

Notes
Turn   | Place    | Note
-------+----------+-------------------------------------------
     0 | D:1      | vishdafish the Demonspawn Conjurer began the quest for the
                  | Orb.
     0 | D:1      | Reached XP level 1. HP: 13/13 MP: 3/3
   265 | D:1      | Gained mutation: You are partially covered in rugged brown
                  | scales. (AC +1, +3% HP) [demonic ancestry]
   265 | D:1      | Reached XP level 2. HP: 13/19 MP: 3/5
  1015 | D:1      | Reached XP level 3. HP: 24/24 MP: 4/7
  1245 | D:1      | Found a faded altar of an unknown god.
  2030 | D:2      | Noticed Terence
  2068 | D:2      | Killed Terence
  2069 | D:2      | Reached XP level 4. HP: 30/30 MP: 0/8
  2813 | D:3      | Found a blossoming altar of Fedhas.
  2842 | D:3      | Reached skill level 5 in Conjurations
  3302 | D:3      | Found a hide-covered altar of Uskayaw.
  3656 | D:3      | Gained mutation: You are partially covered in sharp spines.
                  | [demonic ancestry]
  3656 | D:3      | Reached XP level 5. HP: 36/36 MP: 4/10
  3656 | D:3      | Quit the game

Illustrated notes

Levels and vault maps discovered:
D:1:      evilmike_arrival_fibonacci_small, layout_basic,
          basic_ecumenical_altar, st_stairs_2
D:2:      minmay_chambers_of_ones, layout_loops_corners, uniq_terence
D:3:      layout_loops_ring, mainiacjoe_overflow_tiny_flanked, fedhas_altar_3,
          minmay_misc_feat_four_crosses

Skill      XL: |  1  2  3  4 |
---------------+-------------+-----
Spellcasting   | 3 |  3.6
Conjurations   | 5 |  5.3
Dodging        | |  1.7
Stealth        | |  1.7

Action                     |  1- 3 |  4- 6 || total
---------------------------+-------+-------++-------
  Melee: Short sword       |     2 |     1 ||     3
   Cast: Magic Dart        |    84 |    53 ||   137
    Use: Scroll            |     2 |       ||     2
 Armour: Leather armour    |       |     4 ||     4
  Dodge: Dodged            |     5 |     3 ||     8

Table legend: (Time is in decaauts)
 A = Elapsed time spent in this place.
 B = Non-inter-level travel time spent in this place.
 C = Inter-level travel time spent in this place.
 D = Time resting spent in this place.
 E = Time spent auto-exploring this place.
 F = Levels seen in this place.
 G = Mean time per level.
                   A        B        C        D        E       F      G
               +--------+--------+--------+--------+--------+-----+--------+
         Total |   3653 |   3471 |    182 |      0 |   3163 |   3 | 1217.7 |
       Dungeon |   3653 |   3471 |    182 |      0 |   3163 |   3 | 1217.7 |
               +--------+--------+--------+--------+--------+-----+--------+

Top non-repeatable levels by time:
     D:1: 1390 daAuts
     D:2: 1373 daAuts
     D:3: 889 daAuts
